 Dungeon Crawl Stone Soup version 0.30-b1-2-g02819fbbbe (webtiles) character file.

Game seed: 1171136282439181952

1194 erloom the Changer (level 8, -7/61 HPs)
             Began as a White Draconian Transmuter on May 30, 2023.
             Succumbed to an orc warrior's poison
             ... on level 7 of the Dungeon.
             The game lasted 00:10:50 (6712 turns).

erloom the Changer (White Draconian Transmuter)     Turns: 6712, Time: 00:10:50

Health: -7/61      AC:  2    Str: 12    XL:     8   Next: 20%
Magic:  12/14      EV: 19    Int: 17    God:
Gold:   352        SH:  0    Dex: 16    Spells: 12/16 levels left

rFire   . .          .
                       - Unarmed
rCold   . . .        (shield currently unavailable)
rNeg    . . .        (body armour unavailable)
rPois   x            (helmet currently unavailable)
rElec   .            f - melded +0 cloak
rCorr   +            i - melded +0 pair of gloves
SInv    .            (boots currently unavailable)
Will    .....        (no amulet)
Stlth   +            s - ring of resist corrosion
HPRegen 0.30/turn    (no ring)
MPRegen 0.14/turn

%: no passive effects
@: lethally poisoned (-7 -> -46), spider-form
A: venomous fangs, (breathe frost), AC +6, tiny, unfitting armour, (cold
resistance 1), (cold-blooded)
a: End Transformation


You were on level 7 of the Dungeon.
You were a venomous arachnid creature.
You visited 2 branches of the dungeon, and saw 8 of its levels.

You collected 352 gold pieces.

Inventory:

Hand Weapons
 u - a +2 sling of flaming
Missiles
 h - 8 boomerangs
 p - 22 stones
Armour
 f - a +0 cloak (melded)
 i - a +0 pair of gloves (melded)
Jewellery
 s - a ring of resist corrosion (left front pincers)
 x - a ring of poison resistance
Wands
 o - a wand of charming (5)
 q - a wand of flame (37)
Scrolls
 e - 2 scrolls of enchant weapon {unknown}
 g - 7 scrolls of identify {unknown}
 j - a scroll of teleportation {unknown}
 k - 3 scrolls of blinking {unknown}
 l - 2 scrolls of silence {unknown}
 m - a scroll of torment {unknown}
 v - 3 scrolls of immolation {unknown}
Potions
 a - 2 potions of lignification
 b - a potion of brilliance {unknown}
 c - 4 potions of curing {unknown}
 d - 3 potions of resistance {unknown}
 n - a potion of attraction {unknown}
 r - 2 potions of flight {unknown}
 t - a potion of heal wounds {unknown}
 w - 3 potions of haste {unknown}


   Skills:
 - Level 2.0 Fighting
 - Level 2.0 Dodging
 + Level 5.5 Unarmed Combat
 + Level 4.5 Spellcasting
 + Level 6.5 Transmutations
 - Level 3.0 Poison Magic


You had 12 spell levels left.
You knew the following spells:

 Your Spells              Type           Power      Damage    Failure   Level
a - Beastly Appendage     Tmut           52%        N/A       5%          1
b - Spider Form           Tmut/Pois      20%        N/A       17%         3

Your spell library contained the following spells:

 Spells                   Type           Power      Damage    Failure   Level
 Wereblood                Tmut           26%        N/A       7%          2
 Sting                    Tmut/Pois      80%        1d7       9%          1
 Cigotuvi's Dreadful Rot  Necr/Pois/Air  14%        N/A       34%         2
 Blink                    Tloc           6%         N/A       43%         2
 Lesser Beckoning         Tloc           6%         N/A       43%         2
 Momentum Strike          Conj/Tloc      6%         3d8       43%         2
 Scorch                   Fire           6%         2d5       43%         2
 Ice Form                 Ice/Tmut       15%        N/A       58%         4
 Olgreb's Toxic Radiance  Pois           14%        N/A       63%         4
 Alistair's Intoxication  Tmut/Pois      13%        N/A       73%         5
 Animate Dead             Necr           3%         N/A       94%         4
 Flame Wave               Conj/Fire      3%         2d5       94%         4
 Borgnjor's Vile Clutch   Necr/Erth      1%         N/A       99%         5
 Death Channel            Necr           1%         N/A       100%        6
 Summon Cactus Giant      Summ           1%         N/A       100%        6


Dungeon Overview and Level Annotations

Branches:
Dungeon (7/15)             Temple (1/1) D:5

Altars:
Ashenzari
Elyvilon
Gozag
Hepliaklqana
Kikubaaqudgha
Nemelex Xobeh
Qazlal
Ru
Sif Muna
Trog
Uskayaw
Vehumet
Wu Jian
Xom
Yredelemnul
Zin

Annotations:
D:3 1 runed translucent door, MrCrawl's ghost, weakling DsNe
D:4 exclusion: downstairs


Innate Abilities, Weirdness & Mutations

You are a venomous arachnid creature.
You have venomous fangs.
You are tiny and dextrous.
Your spellcasting is less reliable in this form.
Your armour is entirely melded.
You are incapable of wielding weapons or throwing items.
((You can breathe waves of freezing cold which knock back foes.))
((Your icy white scales are hard. (AC +6)))
You cannot fit into any form of body armour.
((Your flesh is cold resistant. (rC+)))
((You are cold-blooded and may be slowed by cold attacks.))


Message History

Your +0 cloak melds into your body.
Your +0 pair of gloves melds into your body.
The orc warrior completely misses you. The orc hits you with a +0 mace.
The orc wizard mumbles some strange words.
The orc wizard flickers and vanishes!
Deactivating autopickup; reactivate with Ctrl-A.
The orc warrior barely misses you.
You hit the orc.
The orc is moderately wounded.
You hit the orc warrior but do no damage.
The orc warrior is poisoned.
The orc warrior closely misses you.
You hit the orc warrior but do no damage.
The orc warrior looks as sick as possible!
The orc warrior is lightly wounded.
A wight comes into view. It is wielding a +4 mace.
The orc hits you but does no damage. The orc warrior barely misses you.
You hit the orc warrior but do no damage.
The orc warrior is lightly wounded.
A wight comes into view.
It is wielding a +0 trident of protection.
The orc hits you with a +0 mace.
The orc warrior hits you with a +0 trident of venom!
You are lethally poisoned!
You hit the orc warrior.
The orc warrior is moderately wounded.
You feel extremely sick. The orc completely misses you.
The orc warrior barely misses you.
You hit the orc warrior.
The orc warrior is heavily wounded.
You feel extremely sick.
A wight comes into view.
It is wielding a +1 scimitar of protection.
The orc barely misses you. The orc warrior closely misses you.
You feel very sick.
The orc warrior hits you from afar with a +0 trident of venom!
* * * LOW HITPOINT WARNING * * *
You are more poisoned.
* * * LOW HITPOINT WARNING * * *
You feel extremely sick.
There is a stone staircase leading up here.
You die...

.......
.......
.......
..$.^..
..!..
##...
#..#
####s#
#o.o.#
#z.####
#z# ...
#.# #.
#


You could see an orc warrior (very poisoned), 2 wights and an orc.

Vanquished Creatures
  2 water moccasins
  2 ogres
  A black bear (D:5)
  A centaur (D:6)
  Blork the orc (D:6)
  A bullfrog (D:6)
  2 scorpions
  3 hounds
  A jelly (D:5)
  An orc priest (D:4)
  An iguana (D:4)
  6 gnolls
  4 adders
  2 shadow imps
  An ufetubus (D:5)
  3 worms (D:3)
  17 orcs
  6 endoplasms
  7 giant cockroaches
  3 goblins
  10 hobgoblins
  12 jackals
  6 kobolds
  6 quokkas
  7 ball pythons
  5 bats
  5 rats
116 creatures vanquished.

Vanquished Creatures (others)
  2 plants (D:1)
  2 withered plants (D:3)
4 creatures vanquished.

Grand Total: 120 creatures vanquished

Notes
Turn   | Place    | Note
-------+----------+-------------------------------------------
     0 | D:1      | erloom the Draconian Transmuter began the quest for the
                  | Orb.
     0 | D:1      | Reached XP level 1. HP: 16/16 MP: 3/3
   208 | D:1      | Reached XP level 2. HP: 22/23 MP: 5/5
   630 | D:1      | Found a faded altar of an unknown god.
   960 | D:2      | Found a shimmering blue altar of Sif Muna.
  1038 | D:2      | Reached XP level 3. HP: 28/28 MP: 6/6
  1852 | D:3      | Reached skill level 5 in Unarmed Combat
  1852 | D:3      | Reached XP level 4. HP: 35/35 MP: 7/7
  1856 | D:3      | Learned a level 3 spell: Spider Form
  1936 | D:3      | Found a runed translucent door.
  1937 | D:3      | Noticed MrCrawl's ghost (weakling DsNe)
  2108 | D:3      | Found a broken altar of Ashenzari.
  3342 | D:4      | Reached skill level 1 in Poison Magic
  3352 | D:4      | Reached XP level 5. HP: 40/40 MP: 6/8
  3377 | D:4      | Found a shimmering altar of Xom.
  3732 | D:4      | Reached skill level 3 in Transmutations
  3969 | D:5      | Entered Level 5 of the Dungeon
  3969 | D:5      | Noticed a water moccasin
  4166 | D:5      | Noticed an ogre
  4180 | D:4      | Reached XP level 6. HP: 41/47 MP: 10/10
  4245 | D:4      | Killed a water moccasin
  4712 | D:5      | Found a staircase to the Ecumenical Temple.
  4714 | D:5      | Got Sitsi Qeymo's Precepts of the Gift
  4721 | Temple   | Entered the Ecumenical Temple
  4830 | D:5      | Reached skill level 4 in Transmutations
  4830 | D:5      | Your scales start taking on an icy white colour.
  4830 | D:5      | Reached XP level 7. HP: 49/52 MP: 8/12
  4830 | D:5      | Gained mutation: Your flesh is cold resistant. (rC+) [White
                  | Draconian growth]
  4929 | D:5      | Found a shimmering blue altar of Sif Muna.
  5016 | D:5      | Reached skill level 5 in Transmutations
  5304 | D:5      | Reached skill level 6 in Transmutations
  5687 | D:6      | Reached XP level 8. HP: 44/61 MP: 11/14
  5687 | D:6      | Noticed Blork the orc
  5695 | D:6      | Killed Blork the orc
  6422 | D:6      | Identified the +0 robe of Jasaukli {rCorr Int+4}
  6711 | D:7      | HP: 2/61 [poisoned by an orc warrior]
  6712 | D:7      | Succumbed to an orc warrior's poison

Illustrated notes

Levels and vault maps discovered:
D:1:      heliophobic_arrival_enchanted_forest, layout_loops_ring,
          shapermc_ecumenical_altar_flowoftime, chequers_big_river,
          grunt_decor_mini_mirrors
D:2:      layout_loops_cross, basic_altar, serial_aquarium,
          aquarium_bridge_island_small [aquarium_subvault_small_open,
          aquarium_subvault_bridge, aquarium_subvault_wall,
          aquarium_subvault_bridge, aquarium_subvault_bridge],
          aquarium_bridge_long_joined [aquarium_subvault_wall,
          aquarium_subvault_bridge, aquarium_subvault_bridge,
          aquarium_subvault_wall, aquarium_subvault_wall,
          aquarium_subvault_wall], aquarium_window_1, aquarium_window_3,
          aquarium_view_2c, aquarium_view_2d, aquarium_pool_corner
D:3:      layout_basic, mainiacjoe_overflow_tiny_flanked, gammafunk_ghost_grave,
          nicolae_titane
D:4:      layout_loops_corners, marbit_many_paths
D:5:      layout_basic, lemuel_crystal_altar,
          minmay_temple_entry_statues_pillars
D:6:      layout_layer_cave, uniq_blork_the_orc
D:7:      layout_rooms, grunt_temple_overflow_open, uniq_joseph
Temple:   nicolae_temple_god_jail

Skill      XL: |  1  2  3  4  5  6  7  8 |
---------------+-------------------------+-----
Unarmed Combat | 4 5 |  5.5
Poison Magic   | 1 2 3 |  3.0
Spellcasting   | 3 4 |  4.5
Transmutations | 3 4 6 |  6.5
Dodging        | 2 |  2.0
Fighting       | 2 |  2.0

Action                     |  1- 3 |  4- 6 |  7- 9 || total
---------------------------+-------+-------+-------++-------
  Melee: Unarmed           |   172 |   266 |    89 ||   527
         Tailslap          |    21 |    34 |     3 ||    58
         Punch             |     3 |     6 |     2 ||    11
         Headbutt          |       |     9 |     2 ||    11
         Kick              |       |    14 |     4 ||    18
   Cast: Beastly Appendage |       |     8 |     2 ||    10
         Spider Form       |       |     1 |     9 ||    10
Ability: Breathe Frost     |       |       |     2 ||     2
  Evoke: Wand              |       |       |     1 ||     1
    Use: Potion            |       |     1 |       ||     1
   Stab: Sleeping          |     2 |       |       ||     2
 Armour: Skin              |    66 |   101 |    20 ||   187
  Dodge: Dodged            |   116 |   142 |    92 ||   350
